 Dungeon Crawl Stone Soup version 0.21-a0-79-g04744e2 (webtiles) character file.

78147 xgamer67 the Brawler (level 15, -6/118 HPs)
             Began as a Pale Draconian Transmuter on June 23, 2017.
             Was the Champion of Hepliaklqana.
             Mangled by an ogre mage
             ... wielding a +0 halberd
              (11 damage)
             ... on level 1 of the Orcish Mines.
             The game lasted 01:18:08 (32711 turns).

xgamer67 the Brawler (Pale Draconian Transmuter)   Turns: 32711, Time: 01:18:09

Health: -6/118     AC: 18    Str: 13    XL:     15   Next: 17%
Magic:  9/21       EV: 20    Int: 22    God:    Hepliaklqana [******]
Gold:   1937       SH:  0    Dex: 14    Spells: 0/22 levels left

rFire    . . .     SeeInvis .     - Unarmed
rCold    . . .     Gourm    +   (shield currently unavailable)
rNeg     . . .     Faith    .   (armour unavailable)
rPois    +         Spirit   .   (helmet restricted)
rElec    .         Reflect  .   g - scarf {repulsion}
rCorr    .         Harm     .   (gloves currently unavailable)
MR       +++..     Clarity  +   p - +2 pair of boots
Stlth    +.........             I - amulet of the gourmand
HPRegen  0.29/turn              H - +3 ring of dexterity
MPRegen  0.17/turn              M - ring of poison resistance

@: icy armour, blade hands, very slightly contaminated, repel missiles, slow
A: breathe steam, unfitting armour, reduced essence, clarity, clever 1, magic
resistance 2, cold-blooded, MP-powered wands, AC +9
a: Breathe Steam, End Transformation, Recall Ancestor, Ancestor Identity,
Transference, Idealise, Renounce Religion


You were on level 1 of the Orcish Mines.
You worshipped Hepliaklqana.
Hepliaklqana was exalted by your worship.
You were very full.
You had blades for hands.
You visited 4 branches of the dungeon, and saw 21 of its levels.
You also visited: Ice Cave.

You collected 2017 gold pieces.
You spent 80 gold pieces at shops.

Inventory:

Missiles
 a - 353 arrows
 w - 5 javelins (quivered)
Armour
 g - a scarf of repulsion (worn)
 l - a +2 pair of gloves (melded)
 p - a +2 pair of boots (worn)
 K - a +0 buckler (melded)
Jewellery
 i - an uncursed ring of protection from cold
 s - the ring of the Sixty-Six Gods {+Fly rN+}
   (You found it on level 6 of the Lair of Beasts)

   [ring of positive energy]

   It protects you from negative energy.
   It lets you fly.
 A - an uncursed ring of protection from fire
 H - a +3 ring of dexterity (left scythe-like blade)
 I - an amulet of the gourmand (around neck)
 J - an uncursed ring of see invisible
 M - a ring of poison resistance (right scythe-like blade)
 Y - an uncursed ring of resist corrosion
Wands
 f - a wand of confusion (19/48)
 G - a wand of iceblast (12/15)
 L - a wand of disintegration (9/24)
 P - a wand of polymorph (4/24)
 S - a wand of disintegration (9/24)
 U - a wand of flame (19/48)
 V - a wand of acid (6/15)
 Z - a wand of clouds (4/9)
Scrolls
 d - 6 scrolls of remove curse
 o - 2 scrolls of fear
 q - 5 scrolls of blinking
 x - 3 scrolls of teleportation
 z - 3 scrolls of recharging
 E - a scroll of summoning
 N - a scroll of magic mapping
 R - a scroll of fog {unknown}
 X - a scroll of holy word {unknown}
Potions
 e - 11 potions of curing
 h - 5 potions of flight
 j - 5 potions of agility
 n - a potion of brilliance
 r - 4 potions of might
 t - a potion of magic
 u - 2 potions of ambrosia
 v - 2 potions of cancellation
 B - 4 potions of haste
 F - 5 potions of heal wounds
 T - 2 potions of resistance
Books
 m - a book of Beasts

   Spells                             Type                      Level
   a - Summon Butterflies             Summoning                    1
   b - Call Canine Familiar           Summoning                    3
   c - Summon Ice Beast               Ice/Summoning                4
   d - Summon Mana Viper              Hexes/Summoning              5
   e - Summon Hydra                   Summoning                    7
 D - a book of Geomancy

   Spells                             Type                      Level
   a - Sandblast                      Earth                        1
   b - Passwall                       Transmutation/Earth          2
   c - Stone Arrow                    Conjuration/Earth            3
   d - Petrify                        Transmutation/Earth          4
   e - Lee's Rapid Deconstruction     Earth                        5
Miscellaneous
 C - a crystal ball of energy
 O - a phial of floods (inert)
 Q - a phantom mirror
 W - a sack of spiders
Comestibles
 b - a chunk of flesh
 c - 19 bread rations
 k - 13 meat rations


   Skills:
 + Level 11.9 Fighting
 - Level 11.6 Dodging
 - Level 4.0 Shields
 + Level 16.5 Unarmed Combat
 - Level 4.0 Spellcasting
 - Level 3.0 Charms
 - Level 3.4 Necromancy
 + Level 8.4 Transmutations
 - Level 4.0 Ice Magic
 - Level 2.0 Poison Magic
 - Level 5.0 Invocations
 - Level 5.0 Evocations


You couldn't memorise any spells.
You knew the following spells:

 Your Spells              Type           Power        Failure   Level  Hunger
a - Spider Form           Tmut/Pois      ####......   30%         3    ###....
b - Ice Form              Ice/Tmut       ####....     43%         4    ####...
c - Blade Hands           Tmut           #####.....   45%         5    ######.
e - Sticks to Snakes      Tmut           #####...     12%         2    #......
g - Ozocubu's Armour      Chrm/Ice       ###.....     41%         3    ###....
h - Regeneration          Chrm/Necr      ###.......   43%         3    ###....
A - Swiftness             Chrm/Air       ##......     43%         2    #......


Dungeon Overview and Level Annotations

Branches:
Dungeon (12/15)            Temple (1/1) D:6            Lair (6/6) D:8
  Swamp (0/4) Lair:2        Snake (0/4) Lair:2        Slime (0/5) Lair:6
    Orc (2/2) D:9
    Elf: Orc:2

Altars:
Ashenzari
Cheibriados
Dithmenos
Elyvilon
Fedhas
Gozag
Hepliaklqana
Kikubaaqudgha
Makhleb
Nemelex Xobeh
Okawaru
Qazlal
Ru
Sif Muna
Trog
Uskayaw
Vehumet
Wu Jian
Xom
Yredelemnul
Zin
The Shining One

Shops:
D:4 !   D:5 *   D:7 }

Annotations:
Lair:6 exclusion: 3 oklob plants


Innate Abilities, Weirdness & Mutations

You can breathe blasts of scalding, opaque steam.
Your pale cyan-grey scales are hard. (AC +9)
You cannot fit into any form of body armour.
You are cold-blooded and may be slowed by cold attacks.
Your life essence is reduced to manifest your ancestor. (-10% HP)
You possess an exceptional clarity of mind.
Your mind is acute. (Int +2)
You are highly resistant to hostile enchantments. (MR++)
You expend magic power (3 MP) to strengthen your wands.


Message History

Aim: an ogre mage, wielding a halberd and wearing a robe (fast, chance to defeat MR: 42%)
Okay, then.
Evoke which item? (* to show all) (? for menu, Esc to quit)
Okay, then.
The ogre mage closely misses you.
The ogre mage hits you from afar with a halberd.
* * * LOW HITPOINT WARNING * * *
Casting: Blade Hands
Confirm with . or Enter, or press ? or * to list all spells.
Your hands turn into razor-sharp scythe blades.
Your +2 pair of gloves melds into your body.
Your +0 buckler melds into your body.
The ogre mage hits you from afar with a halberd.
* * * LOW HITPOINT WARNING * * *
Stanko closely misses the ogre mage.
The ogre mage hits you with a halberd!
* * * LOW HITPOINT WARNING * * *
You slice the ogre mage!!
The ogre mage is heavily wounded.
The ogre mage hits you with a halberd!
You die...

## #....## #.## ##.#..# ##..#
##..## ####...# #....##
......####.#...#### ####....####
.......#..........###........#.##
#.....#................).......#
.................))...(>.....##
#.......###RO@.)....(†#......#
###.......####.......).##.......
##.##.R.....##.........#####.....
#...#........##.#......#.##......
.#.....#).....#.).........#......
.....O.#.....##)..........#......
.O)§.#####....)...............###
..)..# #.......................#
.....# #.........#....#.......##


You could see the friendly Stanko the hexer and an ogre mage.

Vanquished Creatures
  5 dire elephants (Lair:6)
  5 hydras
  Erolcha (D:10)
  A centaur warrior (D:11)
  An anaconda (Lair:6)
  7 two-headed ogres
  2 orc high priests (Orc:2)
  7 death yaks (Lair:3)
  Nergalle (D:11)
  A fire crab (Lair:6)
  An unseen horror (D:11)
  4 lindwurms (D:12)
  Pikel (D:4)
  3 orc knights
  2 orc sorcerers
  3 ugly things
  A cyclops (D:11)
  A manticore (D:12)
  17 elephants
  3 ice statues (IceCv)
  2 black mambas
  A torpor snail (Lair:6)
  3 gargoyles
  11 spiny frogs
  5 rime drakes
  4 komodo dragons
  An ice devil (Lair:2)
  3 polar bears
  4 trolls
  A slime creature (D:12)
  6 hippogriffs
  11 blink frogs
  A vampire (D:12)
  A shadow (D:11)
  A human (D:11)
  43 yaks
  A wyvern (D:10)
  2 hogs (D:11)
  A hungry ghost (D:9)
  A basilisk (Lair:4)
  3 vampire mosquitoes (D:12)
  Edmund (D:5)
  3 wargs
  8 water moccasins
  Duvessa (D:7)
  8 ice beasts
  7 porcupines
  24 orc warriors
  A slave (D:4)
  2 eyes of draining (D:12)
  A sky beast (D:5)
  3 phantoms
  4 centaurs
  A black bear (D:10)
  6 ogres
  32 wolves
  12 crocodiles
  8 bullfrogs
  Dowan (D:7)
  A water moccasin zombie (D:6)
  2 scorpions (D:12)
  5 killer bees
  4 wights (D:11)
  4 howler monkeys
  An electric eel (D:11)
  6 crimson imps
  A quasit (D:6)
  9 hounds
  13 orc wizards
  A centaur skeleton (D:8)
  14 orc priests
  3 jellies
  2 bullfrog skeletons
  Natasha (twice) (D:4)
  8 worker ants
  5 iguanas
  5 hell rats (Lair:6)
  A hound skeleton (D:6)
  A worker ant zombie (D:11)
  14 adders
  2 shadow imps
  An ooze (D:7)
  2 adder skeletons
  3 worms
  2 dart slugs
  3 leopard geckos
  58 orcs
  3 giant cockroaches (D:1)
  4 hobgoblins
  12 jackals
  7 quokkas
  3 ball pythons
  10 bats
  4 frilled lizards
  10 goblins
  8 kobolds
  A leopard gecko zombie (D:5)
  8 rats
  2 plants (Lair:6)
541 creatures vanquished.

Vanquished Creatures (collateral kills)
  2 hydras
  A two-headed ogre (D:12)
  An ugly thing (D:12)
  A shining eye (Lair:6)
  4 elephants
  A black mamba (Lair:4)
  3 spiny frogs
  A komodo dragon (Lair:6)
  An ice devil (Lair:2)
  A troll (Orc:1)
  The ghost of xgamer67 the Grave Robber, an amateur DDNe (D:4)
  4 blink frogs
  2 hippogriffs
  6 yaks
  A hog (D:11)
  Grum (D:10)
  A hungry ghost (D:8)
  A basilisk (Lair:3)
  A water moccasin (Lair:6)
  2 porcupines
  2 ice beasts (IceCv)
  An eye of draining (D:12)
  2 orc warriors
  A slave (D:4)
  6 wolves
  A phantom (D:6)
  An ogre (Orc:1)
  3 crocodiles
  A bullfrog (Lair:2)
  A water moccasin zombie (D:11)
  A killer bee (D:9)
  2 howler monkeys
  A jelly (D:11)
  7 orc wizards
  2 orc priests
  2 iguanas
  A worker ant (D:9)
  A killer bee zombie (D:7)
  A worker ant zombie (D:7)
  An adder (D:8)
  19 orcs
  A jackal zombie (D:6)
  A fungus (Lair:6)
95 creatures vanquished.

Vanquished Creatures (others)
  An ancestor (D:8)
  27 hexers
  An orc (Orc:1)
  17 fungi
  15 plants
61 creatures vanquished.

Grand Total: 697 creatures vanquished

Notes
Turn   | Place    | Note
-------+----------+-------------------------------------------
     0 | D:1      | xgamer67 the Draconian Transmuter began the quest for the Orb.
     0 | D:1      | Reached XP level 1. HP: 16/16 MP: 3/3
   435 | D:1      | Reached XP level 2. HP: 19/23 MP: 5/5
   439 | D:1      | Learned a level 2 spell: Sticks to Snakes
  1018 | D:2      | Reached skill level 4 in Unarmed Combat
  1018 | D:2      | Reached XP level 3. HP: 18/28 MP: 4/6
  1024 | D:2      | Learned a level 3 spell: Spider Form
  1819 | D:2      | Reached skill level 5 in Unarmed Combat
  1819 | D:2      | Reached XP level 4. HP: 31/35 MP: 5/7
  2154 | D:3      | You fall through a shaft!
  2180 | D:4      | Found Gopuahi's Distillery.
  2183 | D:4      | Bought a potion of degeneration for 10 gold pieces
  2183 | D:4      | Bought a potion of might for 40 gold pieces
  2183 | D:4      | Bought a potion of lignification for 30 gold pieces
  2324 | D:4      | Noticed Natasha
  2334 | D:4      | Killed Natasha
  2334 | D:4      | Reached XP level 5. HP: 35/40 MP: 4/8
  2340 | D:4      | Identified the Grimoire of Cold and Aid
  2346 | D:4      | Learned a level 2 spell: Swiftness
  2401 | D:4      | Reached skill level 6 in Unarmed Combat
  2419 | D:4      | Noticed Natasha
  2987 | D:3      | Found a stormy altar of Qazlal.
  3552 | D:3      | Noticed an ogre
  3688 | D:4      | Noticed xgamer67's ghost (amateur DDNe)
  3695 | D:5      | Entered Level 5 of the Dungeon
  3704 | D:5      | Noticed a centaur
  3713 | D:5      | Killed a centaur
  3713 | D:5      | Reached skill level 7 in Unarmed Combat
  3713 | D:5      | Reached XP level 6. HP: 32/47 MP: 9/9
  3861 | D:5      | Noticed a sky beast
  3893 | D:5      | Killed a sky beast
  3893 | D:5      | Reached skill level 1 in Charms
  3893 | D:5      | Reached skill level 1 in Poison Magic
  3897 | D:5      | Gained mutation: You expend magic power (3 MP) to strengthen your wands. [mutagenic meat]
  3898 | D:5      | Gained mutation: Your tail ends in a poisonous barb. [mutagenic meat]
  3899 | D:5      | Gained mutation: Your mind is acute. (Int +2) [mutagenic meat]
  3900 | D:5      | Gained mutation: You evolve. [mutagenic meat]
  3901 | D:5      | Lost mutation: Your tail ends in a poisonous barb. [mutagenic meat]
  4195 | D:5      | Noticed Edmund
  4219 | D:5      | Killed Edmund
  4219 | D:5      | Your scales start taking on a pale cyan-grey colour.
  4219 | D:5      | Reached XP level 7. HP: 26/52 MP: 2/10
  4379 | D:5      | Gained mutation: You possess an exceptional clarity of mind. [evolution]
  4461 | D:5      | Found Plog's General Store.
  4881 | D:6      | Found a staircase to the Ecumenical Temple.
  4890 | Temple   | Entered the Ecumenical Temple
  5057 | Temple   | Learned a level 3 spell: Ozocubu's Armour
  5093 | Temple   | Became a worshipper of Hepliaklqana the Forgotten
  5251 | D:6      | Reached skill level 1 in Ice Magic
  5464 | D:6      | Gained mutation: You are resistant to hostile enchantments. (MR+) [evolution]
  5636 | D:6      | Reached XP level 8. HP: 53/53 MP: 10/12
  6149 | D:6      | Found a shadowy altar of Dithmenos.
  6164 | D:6      | Reached skill level 8 in Unarmed Combat
  6719 | D:7      | Noticed a hippogriff
  6728 | D:7      | Killed a hippogriff
  6753 | D:7      | Found Itunerch's Gadget Shop.
  6826 | D:7      | Learned a level 4 spell: Ice Form
  6902 | D:7      | Reached * piety under Hepliaklqana
  6959 | D:7      | Noticed Duvessa
  6959 | D:7      | Noticed Dowan
  6970 | D:7      | Killed Duvessa
  6972 | D:7      | Killed Dowan
  7401 | D:8      | Reached skill level 9 in Unarmed Combat
  7401 | D:8      | Reached XP level 9. HP: 62/63 MP: 12/15
  8139 | D:8      | Found an iron altar of Okawaru.
  8397 | D:8      | Reached skill level 5 in Transmutations
  8533 | D:8      | Reached ** piety under Hepliaklqana
  8534 | D:8      | Remembered your ancestor Stanko as a hexer
  8899 | D:8      | Noticed a two-headed ogre
  8918 | D:8      | Killed a two-headed ogre
  8918 | D:8      | Reached skill level 5 in Fighting
  8918 | D:8      | Reached skill level 10 in Unarmed Combat
  9150 | D:8      | Found a staircase to the Lair.
  9503 | D:4      | Killed xgamer67's ghost
  9503 | D:4      | Reached XP level 10. HP: 18/72 MP: 13/16
  9839 | D:4      | Killed Natasha
  9872 | D:4      | Noticed Pikel
  9894 | D:4      | Killed Pikel
 10310 | D:9      | Noticed a two-headed ogre
 10340 | D:9      | Killed a two-headed ogre
 10340 | D:9      | Reached skill level 11 in Unarmed Combat
 10618 | D:9      | Noticed a two-headed ogre
 10630 | D:9      | Killed a two-headed ogre
 11090 | D:9      | Gained mutation: You are highly resistant to hostile enchantments. (MR++) [evolution]
 11090 | D:9      | Lost mutation: You evolve. [end of evolution]
 11882 | D:9      | Reached skill level 12 in Unarmed Combat
 11993 | D:9      | Reached XP level 11. HP: 38/82 MP: 12/17
 12913 | D:9      | Found a staircase to the Orcish Mines.
 13005 | D:10     | Entered Level 10 of the Dungeon
 13065 | D:10     | Reached *** piety under Hepliaklqana
 13095 | D:10     | Learned a level 3 spell: Regeneration
 13108 | D:10     | Noticed Erolcha
 13607 | D:10     | Noticed Grum
 13629 | D:10     | Killed Grum
 13813 | D:10     | Killed Erolcha
 14556 | D:11     | Noticed a four-headed hydra
 14564 | D:11     | Killed a four-headed hydra
 14564 | D:11     | Reached skill level 1 in Necromancy
 14765 | D:11     | Noticed Nergalle
 14778 | D:11     | Killed Nergalle
 14778 | D:11     | Reached skill level 13 in Unarmed Combat
 15188 | D:11     | Noticed a two-headed ogre
 15195 | D:11     | Killed a two-headed ogre
 15852 | D:11     | Noticed an unseen horror
 15857 | D:11     | Killed an unseen horror
 15944 | D:11     | Reached XP level 12. HP: 94/94 MP: 15/18
 16477 | D:11     | Noticed a centaur warrior
 16487 | D:11     | Killed a centaur warrior
 16738 | D:12     | Noticed a two-headed ogre
 16746 | D:12     | Killed a two-headed ogre
 16746 | D:12     | Reached skill level 14 in Unarmed Combat
 16940 | D:12     | Reached skill level 10 in Fighting
 17747 | D:12     | Noticed a two-headed ogre
 17759 | D:12     | Killed a two-headed ogre
 17765 | D:12     | Reached **** piety under Hepliaklqana
 18495 | D:12     | Identified Qessel's Lost Secrets of Rites and Rhymes
 18497 | D:12     | Identified the Catalogue of Damaging Malediction
 18647 | D:12     | Reached skill level 15 in Unarmed Combat
 19246 | D:8      | Reached skill level 1 in Shields
 19456 | Lair:1   | Entered Level 1 of the Lair of Beasts
 20191 | Lair:1   | Reached skill level 5 in Dodging
 20561 | Lair:2   | Reached XP level 13. HP: 101/101 MP: 13/19
 20621 | Lair:2   | Found a frozen archway.
 20645 | IceCv    | Entered an ice cave
 21654 | Lair:2   | Reached ***** piety under Hepliaklqana
 21673 | Lair:2   | Found a staircase to the Swamp.
 21958 | Lair:2   | Found a staircase to the Snake Pit.
 23012 | Lair:3   | Reached skill level 10 in Dodging
 24799 | Lair:4   | Reached XP level 14. HP: 102/108 MP: 12/20
 25822 | Lair:5   | Reached skill level 1 in Invocations
 25822 | Lair:5   | Reached skill level 1 in Evocations
 27123 | Lair:6   | Entered Level 6 of the Lair of Beasts
 28121 | Lair:6   | Reached skill level 5 in Evocations
 28624 | Lair:6   | Found a staircase to the Slime Pits.
 28854 | Lair:6   | Reached skill level 5 in Invocations
 29719 | Lair:6   | Reached skill level 16 in Unarmed Combat
 30401 | Lair:6   | Got a fine bone ring
 30403 | Lair:6   | Identified the ring of the Sixty-Six Gods {+Fly rN+} (You found it on level 6 of the Lair of Beasts)
 30672 | Orc:1    | Entered Level 1 of the Orcish Mines
 31079 | Orc:1    | Reached ****** piety under Hepliaklqana
 31119 | Orc:2    | Entered Level 2 of the Orcish Mines
 31380 | Orc:2    | Reached XP level 15. HP: 113/117 MP: 12/21
 31412 | Orc:2    | Learned a level 5 spell: Blade Hands
 32710 | Orc:1    | HP: 5/118 [ogre mage/halberd (15)]
 32711 | Orc:1    | Mangled by an ogre mage

Vault maps used:
D:1:      lightli_arrival_lavapool
D:3:      nicolae_qazlal_general_emergency
D:4:      first_bread, serial_shops, kennysheep_mini, uniq_pikel, uniq_natasha
D:5:      serial_shops, nicolae_shop_waterfront, uniq_edmund
D:6:      grunt_dithmenos_shadows, minmay_temple_entry_steel_oval
D:7:      serial_shops, shop, uniq_duvessa
D:8:      lair_entry_dummy, okawaru_metal_pillars_1_2
D:9:      david_orc_4
D:10:     uniq_grum, uniq_erolcha
D:11:     grunt_livestock, uniq_nergalle
D:12:     st_stairs_8, minmay_lindwurm_lava
Temple:   minmay_crystal_snake_temple
Lair:2:   swamp_mist, dummy_snake_entry, portal_ice_cave_demonic_guard,
          grunt_megastairs_2
Lair:3:   grunt_forest_large_clearings, grunt_megastairs_1
Lair:6:   due_jungle_book, minmay_slime_entry_oklob_open
Orc:2:    grunt_orc_cross
IceCv:    ice_cave_statue_garden_chambered

Skill      XL: |  1  2  3  4  5  6  7  8  9 10 11 12 13 14 |
---------------+-------------------------------------------+-----
Unarmed Combat | 4 5 7 9 10 12 13 15 16 | 16.5
Charms         | 1 2 3 |  3.0
Poison Magic   | 2 |  2.0
Transmutations | 3 4 5 7 8 |  8.4
Spellcasting   | 3 4 |  4.0
Ice Magic      | 1 2 4 |  4.0
Fighting       | 3 5 7 9 10 11 | 11.9
Necromancy     | 3 |  3.4
Dodging        | 5 11 | 11.6
Shields        | 4 |  4.0
Invocations    | 5 |  5.0
Evocations     | 5 |  5.0

Action                   |  1- 3 |  4- 6 |  7- 9 | 10-12 | 13-15 || total
-------------------------+-------+-------+-------+-------+-------++-------
Melee: Unarmed           |   135 |   145 |   291 |   613 |  1081 ||  2265
       Tailslap          |    15 |     5 |    14 |    25 |    55 ||   114
       Punch             |     2 |     3 |     1 |     7 |     9 ||    22
       Headbutt          |     1 |     7 |     4 |     2 |       ||    14
 Cast: Beastly Appendage |     2 |    10 |     5 |     1 |       ||    18
       Spider Form       |     1 |     5 |    25 |    47 |    48 ||   126
       Ozocubu's Armour  |       |       |     3 |    16 |    33 ||    52
       Sticks to Snakes  |       |       |     1 |     7 |       ||     8
       Ice Form          |       |       |       |     3 |     8 ||    11
       Regeneration      |       |       |       |    15 |    24 ||    39
       Blade Hands       |       |       |       |       |     8 ||     8
Invok: Ancestor Identity |       |       |     1 |       |       ||     1
       Recall Ancestor   |       |       |     1 |       |     1 ||     2
       Ancestor Life: He |       |       |     1 |       |       ||     1
 Abil: Breathe Steam     |       |       |     1 |       |       ||     1
       End Transformatio |       |       |       |       |     1 ||     1
Evoke: Wand              |       |       |       |     3 |     1 ||     4
       Phial of floods   |       |       |       |     1 |     2 ||     3
  Use: Scroll            |       |    11 |     5 |     6 |    11 ||    33
       Potion            |       |       |     1 |     2 |     2 ||     5
 Stab: Sleeping          |     2 |       |       |       |       ||     2
       Distracted        |       |       |     2 |     5 |    11 ||    18
       Confused          |       |       |       |     5 |    13 ||    18
       Paralysed         |       |       |       |       |     2 ||     2
  Eat: Chunk             |     3 |    13 |    22 |    54 |    51 ||   143
       Fruit             |       |       |     6 |       |       ||     6
Armor: Skin              |    34 |    37 |    41 |    62 |   123 ||   297
Dodge: Dodged            |    79 |    90 |   155 |   404 |   849 ||  1577
       Deflected         |       |     1 |     1 |     1 |     1 ||     4
Block: Buckler           |       |       |       |       |    54 ||    54
